 Dungeon Crawl Stone Soup version 0.18-a0-1643-gb89d9db (webtiles) character file.

141 Magnus the Shield-Bearer (level 5, -10/42 HPs)
             Began as a Formicid Fighter on Mar 28, 2016.
             Mangled by nago's ghost (11 damage)
             ... on level 3 of the Dungeon.
             The game lasted 00:11:25 (2389 turns).

Magnus the Shield-Bearer (Formicid Fighter)         Turns: 2389, Time: 00:11:25

Health: -10/42     AC:  9    Str: 22    XL:     5   Next: 48%
Magic:  5/5        EV:  3    Int:  7    God:
Gold:   133        SH: 10    Dex: 10    Spells: 0 memorised, 4 levels left

rFire  . . .     SeeInvis +     a - +0 war axe
rCold  . . .     Gourm    .     b - +0 scale mail
rNeg   . . .     Faith    .     c - +0 shield
rPois  .         Spirit   .     (helmet unavailable)
rElec  .         Dismiss  .     (no cloak)
rCorr  .         Reflect  .     m - +0 pair of gloves
SustAt .         Harm     .     l - +0 pair of boots
MR     .....                    (no amulet)
Stlth  ..........               (no ring)
                                (no ring)

@: not resistant to hostile enchantments, extremely unstealthy
A: permanent stasis, dig shafts and tunnels, four strong arms, antennae 3
a: Dig, Shaft Self


You were on level 3 of the Dungeon.
You were hungry.

You visited 1 branch of the dungeon, and saw 3 of its levels.

You collected 133 gold pieces.

Inventory:

Hand Weapons
 a - a +0 war axe (weapon)
Armour
 b - a +0 scale mail (worn)
 c - a +0 shield (worn)
 l - a +0 pair of boots (worn)
 m - a +0 pair of gloves (worn)
Wands
 q - a wand of slowing (20/48)
 t - a wand of iceblast (4/15)
 u - a wand of hasting (4/9)
Scrolls
 g - a scroll of teleportation {unknown}
 h - a scroll of fear {unknown}
 n - 5 scrolls of remove curse {unknown}
 p - a scroll of immolation {unknown}
 w - 2 scrolls of identify {unknown}
Potions
 d - a potion of might
 e - a potion of resistance {unknown}
 j - a potion of degeneration {unknown}
 k - a potion of lignification {unknown}
 o - a potion of experience {unknown}
 r - a potion of haste {unknown}
 s - a potion of berserk rage {unknown}
 v - a potion of mutation {unknown}
 x - a potion of curing {unknown}
 z - a potion of heal wounds {unknown}
Comestibles
 f - 2 bread rations
 i - 2 beef jerkies


   Skills:
 + Level 4.2 Fighting
 + Level 3.0 Axes
 + Level 4.1 Armour
 + Level 4.7 Shields


You had 4 spell levels left.
You didn't know any spells.

Dungeon Overview and Level Annotations

Branches:
Dungeon (3/15)

Altars:
Makhleb
Okawaru
Zin

Annotations:
D:3 nago's ghost, amateur DrSk


Innate Abilities, Weirdness & Mutations

You are under a permanent stasis effect.
You can dig through walls and to a lower floor.
Your four strong arms can wield two-handed weapons with a shield.
You have a pair of large antennae on your head (SInv).


Message History

You hit nago's ghost.
Nago's ghost is heavily damaged.
You block nago's ghost's attack.
You slash nago's ghost!
Nago's ghost is severely damaged.
Nago's ghost hits you!
You closely miss nago's ghost.
Nago's ghost is severely damaged.
Nago's ghost hits you!
* * * LOW HITPOINT WARNING * * *
Nago's ghost closely misses you.
You are too injured to fight recklessly!
You are too injured to fight recklessly!
You are too injured to fight recklessly!
Your scale mail prevents you from hitting nago's ghost.
Nago's ghost is severely damaged.
Nago's ghost hits you!
* * * LOW HITPOINT WARNING * * *
Nago's ghost hits you!
You die...

#.#..................#+ +#...
.#.#.......#..###....## ##..
.........(....#.....## ##.
..#.#....(..#..#......## ##..
#..#.#.......#..#.......# ##..#
#...............#........###..##
##..#......................#.....
#...............W..............##
#...#..........@.....#........##
................................
...#.......#......#...........#
...#)....................#...##
#...........#....##..#........#
#.............................#
#.............................#
#................#............#
#.....#........)<......##......#


You could see nago's ghost.

Vanquished Creatures
  Jessica (D:3)
  6 adders
  An ooze (D:2)
  2 worms (D:2)
  2 dart slugs (D:1)
  4 bats
  2 giant cockroaches
  5 goblins
  3 hobgoblins
  4 jackals (D:1)
  A quokka (D:2)
  7 giant newts
  7 kobolds
  6 rats
51 creatures vanquished.

Notes
Turn   | Place    | Note
--------------------------------------------------------------
     0 | D:1      | Magnus the Formicid Fighter began the quest for the Orb.
     0 | D:1      | Reached XP level 1. HP: 18/18 MP: 1/1
    80 | D:1      | Reached XP level 2. HP: 12/24 MP: 2/2
   583 | D:1      | Reached XP level 3. HP: 29/29 MP: 3/3
   997 | D:2      | Noticed a cacodemon
   998 | D:2      | Found a burning altar of Makhleb.
  1001 | D:2      | Found a glowing silver altar of Zin.
  1002 | D:2      | Noticed an angel
  1022 | D:2      | Reached XP level 4. HP: 27/37 MP: 4/4
  1831 | D:3      | Reached XP level 5. HP: 34/42 MP: 5/5
  2028 | D:3      | Noticed Jessica
  2039 | D:3      | Killed Jessica
  2293 | D:3      | Found an iron altar of Okawaru.
  2319 | D:3      | Noticed nago's ghost (amateur DrSk)
  2388 | D:3      | HP: 1/42 [nago's ghost (12)]
  2389 | D:3      | Mangled by nago's ghost

Vault maps used:
D:1:      ncdulo_watergridlock, hex_medium
D:2:      grunt_temple_overflow_order_and_chaos_2, first_bread,
          due_unseen_surprise
D:3:      kennysheep_six_static_rooms, lemuel_crystal_altar,
          nemelex_diamond_rough_becter, uniq_sigmund, uniq_jessica

Skill      XL: |  1  2  3  4  5 |
---------------+----------------+-----
Shields        | 4 |  4.7
Fighting       | 4 |  4.2
Armour         | 4 |  4.1
Axes           | 3 |  3.0

Action                   |  1- 3 |  4- 6 || total
-------------------------+-------+-------++-------
Melee: War axe           |    68 |    95 ||   163
  Eat: Chunk             |       |     4 ||     4
